 Dungeon Crawl Stone Soup version 0.18-a0-738-g888b110 (webtiles) character file.

116596 Enish the Severer (level 16, -4/101 HPs)
             Began as a Demonspawn Chaos Knight on Dec 11, 2015.
             Killed from afar by a starcursed mass (6 damage)
             ... with an accursed screaming
             ... on level 4 of the Abyss.
             The game lasted 01:38:18 (29330 turns).

Enish the Severer (Demonspawn Chaos Knight)        Turns: 29330, Time: 01:38:18

Health: -4/101     AC: 28    Str: 16    XL:     16   Next: 21%
Magic:  7/7        EV:  9    Int: 21    God:    Xom [.*....]
Gold:   636        SH: 24    Dex: 22    Spells: 0 memorised, 15 levels left

rFire  + . .     SeeInvis .     v - +11 war axe of Radicalism {freeze, rPois rC+ MP-9}
rCold  + . .     Clarity  .     Y - +0 plate armour of Zezefas {rF- Regen+ Int+7 Slay+2}
rNeg   . . .     SustAt   .     b - +5 large shield of Pride {rPois MR+ Str+2 Int-4}
rPois  +         Gourm    .     J - +2 hat
rElec  .         Spirit   .     (no cloak)
rCorr  .         Dismiss  .     D - +1 pair of gloves
rMut   .         Rnd*Tele +     (boots unavailable)
MR     ++...                    (no amulet)
Stlth  +.........               F - ring of Xom's Approval {+/*Tele rF+ Int+4 Dex+3}
                                g - +5 ring of protection

@: agile, about to teleport, very resistant to hostile enchantments, very
unstealthy
A: antennae 2, hooves 3, slimy green scales 3, blurry vision 1, demonic guardian
1, dopey 1, fire resistance 1, frail 2, mutation resistance 1, nightstalker 3,
sense surroundings 2, weak 1, augmentation 1
a: Renounce Religion, Evoke Teleportation


You were on level 4 of the Abyss.
You worshipped Xom.
You were a plaything of Xom.
You were not hungry.

You visited 4 branches of the dungeon, and saw 24 of its levels.
You visited the Abyss 1 time.
You also visited: Bailey, Ice Cave and Volcano.

You collected 2400 gold pieces.
You spent 1764 gold pieces at shops.

Inventory:

Hand Weapons
 a - a +0 spear of chaos
 v - the +11 war axe of Radicalism (weapon) {freeze, rPois rC+ MP-9}
   (You found it on level 6 of the Dungeon)

   It has been specially enchanted to freeze those struck by it, causing extra
   injury to most foes and up to half again as much damage against particularly
   susceptible opponents.
   It can also slow down cold-blooded creatures.
   It protects you from cold.
   It protects you from poison.
   It affects your magic capacity (-9).
 V - the +9 blowgun "Pamimm" {speed, Dex+4}
   (You found it in an ice cave)

   Attacks with this weapon are significantly faster.
   It affects your dexterity (+4).
Missiles
 d - 43 tomahawks of returning (quivered)
Armour
 b - the +5 large shield of Pride (worn) {rPois MR+ Str+2 Int-4}
   (You acquired it on level 1 of the Orcish Mines)

   It affects your strength (+2).
   It affects your intelligence (-4).
   It protects you from poison.
   It affects your resistance to hostile enchantments.
 D - a +1 pair of gloves (worn)
 J - a +2 hat (worn)
 Y - the +0 plate armour of Zezefas (worn) {rF- Regen+ Int+7 Slay+2}
   (You bought it in a shop on level 7 of the Dungeon)

   It affects your intelligence (+7).
   It affects your accuracy and damage with ranged weapons and melee attacks
   (+2).
   It makes you vulnerable to fire.
   It increases your rate of regeneration.
Rods
 h - a +0 rod of ignition (13/13)
   (You found it on level 1 of the Elven Halls)
Jewellery
 g - a +5 ring of protection (left hand)
 i - an uncursed ring of protection from cold
 o - an uncursed amulet of stasis
 u - an uncursed amulet of resist corrosion
 F - the ring of Xom's Approval (right hand) {+/*Tele rF+ Int+4 Dex+3}
   (Xom gifted it to you on level 6 of the Lair of Beasts)

   [ring of teleportation]

   It may teleport you next to monsters, and can be evoked to randomly teleport.
   It affects your intelligence (+4).
   It affects your dexterity (+3).
   It protects you from fire.
 W - an uncursed ring of sustain attributes
 X - an uncursed ring of flight
Wands
 q - a wand of confusion (13)
 t - a wand of teleportation (1)
 y - a wand of confusion (29)
 A - a wand of polymorph (12)
 B - a wand of disintegration (13)
 H - a wand of polymorph (16)
 K - a wand of cold (3)
 L - a wand of disintegration (14)
 O - a wand of disintegration (5)
 R - a wand of cold (8)
 Z - a wand of teleportation (0)
Scrolls
 f - a scroll of recharging
 j - 8 scrolls of teleportation
 n - 6 scrolls of remove curse
 s - 4 scrolls of fear
 C - 4 scrolls of fog
 M - 4 scrolls of identify
 S - 3 scrolls of amnesia
 U - a scroll of summoning
Potions
 k - 4 potions of brilliance
 m - a potion of haste
 w - 2 potions of cancellation
 P - 2 potions of agility
Miscellaneous
 E - a fan of gales
Comestibles
 c - 9 bread rations
 p - 3 fruits
 G - 7 royal jellies


   Skills:
 - Level 12.0 Fighting
 - Level 15.6(16.2) Axes
 - Level 7.6(12.7) Polearms
 * Level 11.8 Armour
 - Level 1.3 Dodging
 - Level 13.1 Shields


You had 15 spell levels left.
You didn't know any spells.

Dungeon Overview and Level Annotations

Branches:
Dungeon (11/15)            Temple (0/1) D:5            Lair (8/8) D:10
  Swamp (0/4) Lair:4       Spider (0/4) Lair:6        Slime (0/6) Lair:7
    Orc (4/4) D:10            Elf (1/3) Orc:3

Altars:
Dithmenos
Elyvilon
Fedhas
Makhleb
Nemelex Xobeh
Ru
Sif Muna
Trog
Vehumet
Zin
Beogh
Jiyva

Shops:
D:7 [   D:8 !   D:11 *[:   Orc:1 ?   Orc:3 *   Orc:4 :=}*

Annotations:
D:5 AnCiEnTIStOnEIBeAsT's ghost, novice OpTm
D:8 exclusion: oklob plant


Innate Abilities, Weirdness & Mutations

You have hooves in place of feet.
You are completely covered in slimy green scales (AC +4, rPois).
A weak demonic guardian rushes to your aid.
You are completely attuned to the shadows.
Your magical and physical power is slightly enhanced at high health.
You have a pair of antennae on your head.
Scrolls take you a little longer to read.
You are dopey. (Int -2)
Your flesh is heat resistant.
You are very frail (-20% HP).
You are somewhat resistant to further mutation.
You passively map the area around you.
You are weak. (Str -2)


Message History

Press: ? - help, Shift-Dir - straight line, f - you You feel strangely unstable.
You feel the power of the Abyss delaying your translocation!
This wand has 1 charge left.
The raiju bursts into living lightning!
The living lightning hits you!
* * * LOW HITPOINT WARNING * * *
Xom roars with laughter!
The raiju blinks!
Drink which item? (? for menu, Esc to quit)
You feel better.
A starcursed mass splits.
A chorus of shrieks assaults your mind.
* * * LOW HITPOINT WARNING * * *
A starcursed mass splits.
You block its attack.
Drink which item? (? for menu, Esc to quit)
You feel agile all of a sudden.
A starcursed mass splits.
You block its attack. A chorus of shrieks assaults your mind.
You die...
Xom laughs nastily!

§§.. .....
§X.. ....#
#X. #..###
##.X##..#.
...†{@h..§
.........#
#
##..##..#..
#...##†.# .
###......
.†....# ##
..# { . { .
..


You could see 3 starcursed masses and a raiju.

Vanquished Creatures
  A bone dragon (Abyss:3)
  4 tentacled starspawn
  An orc warlord (Bailey)
  2 cacodemons (Abyss:4)
  A balrug (Abyss:3)
  14 starcursed masses (Abyss:4)
  The ghost of P0WERM0DE the Nimble, a journeyman DsVM of Okawaru (Lair:6)
  An eidolon (Abyss:4)
  The ghost of AnCiEnTIStOnEIBeAsT the Nimble, a journeyman OpTm of Ashenzari (Orc:4)
  The ghost of P0WERM0DE the Cleaver, a journeyman DsCK of Xom (Orc:3)
  A rakshasa (Abyss:4)
  A catoblepas (Lair:4)
  6 thrashing horrors
  5 orc high priests
  A queen ant (Lair:3)
  6 death yaks
  A wretched star (Abyss:4)
  3 hell hogs (Abyss:3)
  A deep elf knight (Elf:1)
  A spatial maelstrom (Abyss:3)
  4 unseen horrors
  A shadow wraith (Abyss:3)
  2 deep elf summoners (Elf:1)
  8 large abominations
  A deep troll (Elf:1)
  A wizard (Elf:1)
  A griffon (Lair:6)
  A deep elf conjurer (Elf:1)
  An anaconda skeleton (Abyss:3)
  2 ugly things (D:11)
  A cyclops (D:11)
  6 orc knights (Orc:4)
  An oklob plant (Lair:4)
  3 worldbinders (Abyss:4)
  6 elephants
  4 sixfirhies (Abyss:4)
  3 toenail golems (Volcano)
  3 ice statues (IceCv)
  2 orange demons (Abyss:4)
  Psyche (D:9)
  A gargoyle (D:11)
  A smoke demon (Abyss:4)
  8 black mambas
  3 spiny frogs
  2 efreet (Abyss:3)
  A komodo dragon (shapeshifter) (Abyss:3)
  A hellion (Abyss:3)
  A silent spectre (Abyss:4)
  A demonic crawler (Abyss:4)
  A tormentor (Abyss:3)
  A fire drake (Lair:8)
  An anaconda simulacrum (Abyss:3)
  8 komodo dragons
  2 giant leeches (Lair:4)
  3 ancient zymes
  16 raiju (Abyss:4)
  A raiju (shapeshifter) (Abyss:4)
  11 blink frogs
  3 wyverns
  4 ynoxinuls
  A shadow (D:11)
  Sigmund (D:2)
  3 wraiths
  38 yaks
  6 humans (Volcano)
  6 basilisks
  A tarantella (Lair:6)
  A hungry ghost (D:10)
  A basilisk (shapeshifter) (Elf:1)
  5 deep elf magi
  3 fire bats (Abyss:3)
  3 deep elf fighters (Elf:1)
  2 golden eyes (Abyss:4)
  10 hippogriffs
  3 chaos spawn
  6 neqoxecs
  A warg (Orc:3)
  7 wolves
  5 soldier ants (Lair:3)
  5 hell hounds (Abyss:3)
  16 water moccasins
  A phantom (D:6)
  7 porcupines
  4 sky beasts
  13 ogres
  41 orc warriors
  3 black bears
  16 ice beasts
  13 crocodiles
  5 centaurs
  17 giant frogs
  A big kobold (D:8)
  5 scorpions
  8 small abominations
  11 wights
  4 crimson imps
  A giant frog zombie (D:8)
  3 centaur zombies
  2 iron imps
  2 centaur skeletons
  2 quasits
  2 giant frog skeletons
  9 jellies
  24 orc wizards
  4 hounds
  45 orc priests
  Ijyb (D:3)
  9 iguanas
  36 sheep
  22 worker ants
  2 hound zombies
  A worker ant zombie (D:7)
  A gnoll (Bailey)
  15 adders
  A shadow imp (D:5)
  53 river rats
  A white imp (Abyss:3)
  An ufetubus (Abyss:3)
  15 oozes
  An adder zombie (D:6)
  2 adder skeletons
  6 worms
  3 giant geckos
  199 orcs
  4 ball pythons
  9 bats
  8 giant cockroaches
  9 hobgoblins
  9 jackals
  19 kobolds
  5 giant newts
  15 goblins
  A jackal skeleton (D:7)
  5 quokkas
  7 rats
  5 fungi
  3 plants
  A starspawn tentacle (Abyss:4)
1011 creatures vanquished.

Vanquished Creatures (collateral kills)
  A deep elf sorcerer (Abyss:3)
  A death yak (Lair:6)
  A deep elf knight (Elf:1)
  A griffon (Lair:6)
  An elephant (Lair:5)
  A smoke demon (Abyss:3)
  A deep elf priest (Elf:1)
  A blink frog (Lair:8)
  2 yaks (Lair:4)
  A deep elf mage (Elf:1)
  2 deep elf fighters (Elf:1)
  A wolf (Lair:4)
  An ice beast (D:9)
  A giant frog (D:9)
  2 wights (D:9)
  An orc priest (Orc:4)
  3 jellies (D:9)
  A river rat (Lair:6)
  3 oozes (D:9)
  An orc (D:10)
  A quokka (D:8)
  A starspawn tentacle (Abyss:3)
29 creatures vanquished.

Vanquished Creatures (others)
  An orc high priest (Orc:4)
  2 ball lightnings (Abyss:4)
  A small abomination (Abyss:3)
  A neqoxec (Abyss:4)
  3 large abominations (Abyss:4)
  An orc priest (Orc:4)
  A bush (Abyss:4)
  15 fungi
  3 plants
  13 starspawn tentacles
  179 starspawn tentacle segments
220 creatures vanquished.

Grand Total: 1260 creatures vanquished

Notes
Turn   | Place    | Note
--------------------------------------------------------------
     0 | D:1      | Enish the Demonspawn Chaos Knight began the quest for the Orb.
     0 | D:1      | Reached XP level 1. HP: 18/18 MP: 1/1
   164 | D:1      | Gained mutation: You are partially covered in slimy green scales (AC +2). [demonic ancestry]
   164 | D:1      | Reached XP level 2. HP: 24/24 MP: 2/2
   618 | D:2      | Noticed Sigmund
   619 | D:2      | XOM: harmless Trmt miscast
   629 | D:2      | You fall through a shaft for 2 floors!
   629 | D:4      | Noticed an ogre
   636 | D:4      | XOM: potion effect (agility)
   639 | D:4      | Reached skill level 4 in Polearms
   639 | D:4      | Gained mutation: You have large cloven feet. [demonic ancestry]
   639 | D:4      | Reached XP level 3. HP: 29/29 MP: 3/3
   645 | D:4      | Killed an ogre
   645 | D:4      | Reached skill level 5 in Polearms
   645 | D:4      | Gained mutation: You are mostly covered in slimy green scales (AC +3). [demonic ancestry]
   645 | D:4      | Reached XP level 4. HP: 19/35 MP: 4/4
   645 | D:4      | Reached XP level 5. HP: 22/41 MP: 5/5
   921 | D:3      | Noticed Ijyb
   937 | D:3      | XOM: cast spell 'Call Canine Familiar'
   944 | D:3      | Killed Ijyb
  1351 | D:3      | Found a burning altar of Makhleb.
  1364 | D:3      | Reached skill level 6 in Polearms
  1382 | D:3      | XOM: noise
  1393 | D:3      | XOM: silly message
  1505 | D:2      | XOM: cast spell 'Ice Form'
  1543 | D:2      | XOM: mild Trmt miscast
  1563 | D:2      | XOM: god gift: 17 stones
  1622 | D:2      | Gained mutation: Your spells are a little harder to cast, but a little more powerful. [potion of mutation]
  1622 | D:2      | Gained mutation: You passively map a small area around you. [potion of mutation]
  1622 | D:2      | Gained mutation: Armour fits poorly on your strangely shaped body. [potion of mutation]
  1625 | D:2      | XOM: confuse monster(s)
  1629 | D:2      | XOM: enchant monster (good)
  1644 | D:2      | Killed Sigmund
  1644 | D:2      | Gained mutation: You are slightly more attuned to the shadows. [demonic ancestry]
  1644 | D:2      | Reached XP level 6. HP: 22/47 MP: 6/6
  1911 | D:2      | Reached skill level 7 in Polearms
  2297 | D:3      | XOM: smoke on damage
  2300 | D:3      | Reached skill level 1 in Shields
  2395 | D:3      | XOM: divination: detect creatures
  2399 | D:3      | HP: 1/47 [something (14)]
  2498 | D:2      | XOM: enchant monster (good)
  2646 | D:2      | XOM: cast spell 'Spider Form'
  2694 | D:3      | Reached XP level 7. HP: 49/52 MP: 7/7
  2703 | D:3      | XOM: give mutations
  2703 | D:3      | Gained mutation: You have a pair of small antennae on your head. [Xom's grace]
  2703 | D:3      | Gained mutation: Your flesh is cold resistant. [Xom's grace]
  2703 | D:3      | Gained mutation: You passively map the area around you. [Xom's grace]
  2947 | D:3      | Found a glowing silver altar of Zin.
  3474 | D:4      | XOM: colour smoke trail
  3870 | D:5      | Entered Level 5 of the Dungeon
  3900 | D:5      | Noticed a hog
  3900 | D:5      | an ice beast changed into a hog
  3902 | D:5      | a hog changed into a hell hound
  3902 | D:5      | XOM: polymorph hog -> hell hound
  4192 | D:5      | Noticed AnCiEnTIStOnEIBeAsT's ghost (novice OpTm)
  4271 | D:5      | XOM: silly message
  4280 | D:5      | Found a staircase to the Ecumenical Temple.
  4321 | D:5      | XOM: silly message
  4488 | D:5      | Found a sparkling altar of Nemelex Xobeh.
  4716 | D:5      | XOM: harmless Tloc miscast
  4760 | D:6      | Got a transparent war axe
  4762 | D:6      | Identified the +11 war axe of Radicalism {freeze, rPois rC+ MP-9} (You found it on level 6 of the Dungeon)
  4938 | D:6      | XOM: divination: magic mapping
  4943 | D:6      | XOM: divination: magic mapping
  4949 | D:6      | XOM: potion effect (curing)
  5098 | D:6      | Found a deep blue altar of Sif Muna.
  5204 | D:6      | Found a sacrificial altar of Ru.
  5248 | D:6      | Reached XP level 8. HP: 33/58 MP: 0/8
  5391 | D:6      | XOM: divination: detect items
  5419 | D:6      | XOM: divination: detect creatures
  5673 | D:6      | Reached skill level 5 in Axes
  5783 | D:6      | XOM: divination: detect creatures
  5873 | D:7      | Found a shadowy altar of Dithmenos.
  6182 | D:7      | XOM: silly message
  6319 | D:6      | XOM: divination: detect creatures
  6334 | D:6      | XOM: silly message
  6522 | D:7      | Found Ohaig's Antique Armour Shoppe.
  6532 | D:7      | XOM: potion effect (brilliance)
  6584 | D:7      | Bought a distressingly furry scale mail for 207 gold pieces
  6594 | D:7      | Identified the +0 scale mail of Winter {Slay+2} (You bought it in a shop on level 7 of the Dungeon)
  6661 | D:7      | XOM: potion effect (berserk rage)
  6663 | D:7      | Gained mutation: A weak demonic guardian rushes to your aid. [demonic ancestry]
  6663 | D:7      | Reached XP level 9. HP: 63/63 MP: 0/9
  6753 | D:7      | XOM: potion effect (heal wounds)
  6992 | D:7      | Reached skill level 8 in Axes
  7009 | D:7      | Found a white marble altar of Elyvilon.
  7332 | D:8      | Reached skill level 9 in Axes
  7462 | D:8      | XOM: divination: detect creatures
  7548 | D:8      | Found Jijic's Distillery.
  7557 | D:8      | Bought a potion of curing for 33 gold pieces
  7557 | D:8      | Bought a potion of heal wounds for 55 gold pieces
  7557 | D:8      | Bought 2 potions of heal wounds for 110 gold pieces
  7754 | D:8      | XOM: silly message
  7880 | D:8      | Noticed an oklob plant
  7917 | D:8      | Reached skill level 10 in Axes
  8124 | D:9      | Found a bloodstained altar of Trog.
  8129 | D:9      | XOM: potion effect (agility)
  8227 | D:9      | Gained mutation: You have hoof-like feet. [demonic ancestry]
  8227 | D:9      | Reached XP level 10. HP: 50/70 MP: 1/10
  8467 | D:9      | Reached skill level 11 in Axes
  8467 | D:9      | XOM: swap monsters
  8592 | D:9      | XOM: 3-stop teleportation journey
  8865 | D:9      | Noticed Psyche
  8868 | D:9      | Killed Psyche
  8944 | D:9      | XOM: give mutations
  8944 | D:9      | Gained mutation: You are robust (+10% HP). [Xom's grace]
  8944 | D:9      | Gained mutation: You have a pair of antennae on your head. [Xom's grace]
  9085 | D:9      | Found a blossoming altar of Fedhas.
  9107 | D:9      | Reached skill level 12 in Axes
  9168 | D:9      | XOM: give mutation
  9168 | D:9      | Gained mutation: You can translocate small distances at will. [Xom's grace]
  9347 | D:10     | Entered Level 10 of the Dungeon
  9378 | D:10     | XOM: fake destruction
  9383 | D:10     | Noticed a death yak
  9384 | D:10     | XOM: polymorph crocodile -> wolf
  9390 | D:10     | Noticed an elephant
  9399 | D:10     | Killed a death yak
  9399 | D:10     | Reached skill level 5 in Fighting
  9638 | D:9      | XOM: god gift: runed war axe {god gift}
  9650 | D:9      | XOM: vitrification
  9655 | D:10     | XOM: summons friendly white imp
  9658 | D:10     | XOM: confuse monster(s)
  9660 | D:10     | Killed an elephant
  9660 | D:10     | Reached XP level 11. HP: 73/89 MP: 2/11
  9688 | D:10     | XOM is BORED!
  9688 | D:10     | XOM: mild Conj miscast
  9715 | D:10     | XOM: cast spell 'Summon Butterflies'
  9762 | D:10     | Found a flagged portal.
  9908 | Bailey   | Entered a bailey
  9914 | Bailey   | Noticed an orc warlord
 10233 | Bailey   | Found a runed gate.
 10234 | Bailey   | Found a runed gate.
 10235 | Bailey   | Found a runed gate.
 10445 | Bailey   | XOM: confuse monster(s)
 10447 | Bailey   | Killed an orc warlord
 10501 | Bailey   | XOM: medium Chrm miscast
 10730 | Bailey   | Gained mutation: Your system is resistant to poisons. [potion of beneficial mutation]
 10738 | Bailey   | Reached skill level 14 in Axes
 10738 | Bailey   | Gained mutation: You are significantly more attuned to the shadows. [demonic ancestry]
 10738 | Bailey   | Reached XP level 12. HP: 101/101 MP: 3/12
 10788 | D:10     | Found a staircase to the Lair.
 10829 | D:10     | XOM: smoke on damage
 10870 | D:10     | XOM: cast spell 'Summon Butterflies'
 11266 | D:10     | XOM: god gift: scroll labeled CUIB HIDUGECWUXZY
 11273 | D:10     | XOM: vitrification
 11372 | D:10     | Found a roughly hewn altar of Beogh.
 11381 | D:10     | Found a staircase to the Orcish Mines.
 11447 | D:10     | XOM: mild Erth miscast
 11538 | D:10     | XOM: colour smoke trail
 11917 | D:11     | Found Eblerij's Armour Shop.
 11962 | D:11     | XOM is BORED!
 11962 | D:11     | XOM: summons 1 hostile demon
 11994 | D:11     | Found Hoah Jat's General Store.
 12027 | D:11     | XOM: give mutations
 12027 | D:11     | Gained mutation: You are agile. (Dex +2) [Xom's grace]
 12027 | D:11     | Gained mutation: Your spells are harder to cast, but more powerful. [Xom's grace]
 12027 | D:11     | Gained mutation: Your flesh is heat resistant. [Xom's grace]
 12080 | D:11     | Found Jaloefie's Book Boutique.
 12280 | D:11     | Reached skill level 15 in Axes
 12565 | D:11     | XOM: give mutations
 12565 | D:11     | Lost mutation: You are agile. (Dex +2) [Xom's mischief]
 12565 | D:11     | Lost mutation: You can translocate small distances at will. [Xom's mischief]
 12775 | D:11     | Found a blossoming altar of Fedhas.
 12909 | D:11     | XOM: colour smoke trail
 13019 | Lair:1   | Entered Level 1 of the Lair of Beasts
 14149 | Lair:2   | XOM: noise
 14495 | Lair:2   | XOM: give mutations
 14495 | Lair:2   | Lost mutation: Your flesh is cold resistant. [Xom's mischief]
 14495 | Lair:2   | Lost mutation: Your spells are harder to cast, but more powerful. [Xom's mischief]
 14607 | Lair:2   | XOM: medium Divn miscast
 15007 | Lair:2   | Reached skill level 5 in Shields
 15148 | Lair:3   | Gained mutation: You are completely covered in slimy green scales (AC +4, rPois). [demonic ancestry]
 15148 | Lair:3   | Reached XP level 13. HP: 107/107 MP: 4/13
 15177 | Lair:3   | Found a frozen archway.
 15209 | IceCv    | Entered an ice cave
 15272 | IceCv    | XOM: colour smoke trail
 15331 | IceCv    | XOM: mild Necr miscast
 15394 | IceCv    | XOM: harmless Fire miscast
 15723 | IceCv    | XOM: mild Erth miscast
 15725 | IceCv    | XOM: draining
 15736 | IceCv    | XOM: colour smoke trail
 16064 | IceCv    | XOM: medium Ice miscast
 16084 | IceCv    | Identified Sif Muna's Further Steps in Rites and Rhymes
 16095 | IceCv    | Got a smoking blowgun
 16096 | IceCv    | Identified the +9 blowgun "Pamimm" {speed, Dex+4} (You found it in an ice cave)
 16176 | Lair:3   | XOM: summons 3 hostile shadow creatures
 16368 | Lair:3   | XOM: give mutations
 16368 | Lair:3   | Gained mutation: You are dopey. (Int -2) [Xom's mischief]
 16368 | Lair:3   | Gained mutation: You are very dopey. (Int -4) [Xom's mischief]
 16368 | Lair:3   | Lost mutation: Armour fits poorly on your strangely shaped body. [Xom's mischief]
 16368 | Lair:3   | Lost mutation: Your flesh is heat resistant. [Xom's mischief]
 16434 | Lair:3   | XOM: harmless Tloc miscast
 16854 | Lair:3   | XOM: noise
 17019 | Lair:3   | XOM: 1-stop teleportation journey
 17433 | Lair:4   | XOM: 4-stop teleportation journey
 17447 | Lair:4   | XOM: medium Ice miscast
 17596 | Lair:4   | XOM: medium Pois miscast
 17796 | Lair:4   | XOM: silly message
 17840 | Lair:4   | Found a staircase to the Swamp.
 17848 | Lair:4   | XOM: noise
 17854 | Lair:4   | XOM: smoke on damage
 17855 | Lair:4   | XOM: divination: detect creatures
 17860 | Lair:4   | XOM: enchant monster (bad)
 17868 | Lair:4   | Reached skill level 10 in Shields
 17933 | Lair:4   | XOM: god gift: 14 gold pieces
 18287 | Lair:4   | XOM: god gift: 15 gold pieces
 18350 | Lair:4   | XOM: vitrification
 18369 | Lair:4   | XOM is BORED!
 18369 | Lair:4   | XOM: mild Necr miscast
 18978 | Lair:5   | XOM: silly message
 19142 | Lair:5   | XOM: noise
 19230 | Lair:5   | XOM: 1-stop teleportation journey
 19243 | Lair:5   | XOM: god gift: 36 gold pieces
 19305 | Lair:5   | XOM is BORED!
 19305 | Lair:5   | XOM: mild Hex miscast
 19415 | Lair:5   | XOM: give mutation
 19415 | Lair:5   | Lost mutation: You are robust (+10% HP). [Xom's mischief]
 19602 | Lair:5   | Reached skill level 5 in Armour
 19603 | Lair:5   | Reached skill level 1 in Dodging
 19607 | Lair:5   | XOM: harmless Trmt miscast
 19620 | Lair:5   | XOM: colour smoke trail
 19761 | Lair:5   | XOM: vitrification
 19900 | Lair:5   | XOM: god gift: 8 needles of confusion
 19959 | Lair:6   | Found a hole to the Spider Nest.
 20005 | Lair:6   | XOM: vitrification
 20043 | Lair:6   | XOM: enchant monster (good)
 20175 | Lair:6   | Found a dark tunnel.
 20228 | Volcano  | Entered a volcano
 20233 | Volcano  | XOM: fog
 20268 | Volcano  | Gained mutation: You have hooves in place of feet. [demonic ancestry]
 20268 | Volcano  | Reached XP level 14. HP: 87/108 MP: 5/14
 20335 | Volcano  | XOM: summons friendly crimson imp
 20648 | Lair:6   | XOM: god gift: potion of cancellation
 20974 | Lair:6   | XOM: god gift: coiled pewter ring {god gift}
 20975 | Lair:6   | Got a coiled pewter ring {god gift}
 20976 | Lair:6   | Identified the ring of Xom's Approval {+/*Tele rF+ Int+4 Dex+3} (Xom gifted it to you on level 6 of the Lair of Beasts)
 21189 | Lair:6   | Noticed P0WERM0DE's ghost (journeyman DsVM)
 21204 | Lair:6   | Killed P0WERM0DE's ghost
 21217 | Lair:6   | XOM: god gift: 13 sling bullets of frost
 21308 | Lair:7   | Found a viscous altar of Jiyva.
 21308 | Lair:7   | Found a staircase to the Slime Pits.
 21314 | Lair:7   | Reached skill level 10 in Fighting
 21319 | Lair:7   | XOM: vitrification
 21336 | Lair:7   | XOM: give mutations
 21336 | Lair:7   | Gained mutation: You have supernaturally acute eyesight. [Xom's grace]
 21336 | Lair:7   | Gained mutation: Your flesh is heat resistant. [Xom's grace]
 21349 | Lair:7   | XOM: confuse monster(s)
 21357 | Lair:7   | XOM: confuse monster(s)
 21360 | Lair:7   | XOM: destruction
 21387 | Lair:7   | XOM: fog
 21726 | Lair:6   | XOM: god gift: fan of gales
 21741 | Lair:7   | XOM: polymorph quasit -> shadow imp
 21744 | Lair:7   | XOM: summons 3 friendly demons
 21747 | Lair:7   | XOM: summons friendly iron imp
 21910 | Lair:6   | XOM: colour smoke trail
 21979 | Lair:6   | XOM: summons 5 friendly demons
 21982 | Lair:6   | XOM: potion effect (invisibility)
 22194 | Lair:7   | XOM: confuse monster(s)
 22330 | Lair:7   | XOM: mild Divn miscast
 22600 | Lair:7   | XOM: noise
 22819 | Lair:8   | Entered Level 8 of the Lair of Beasts
 22966 | Lair:8   | XOM: colour smoke trail
 23189 | D:7      | Bought a jewelled plate armour for 644 gold pieces
 23199 | D:7      | Identified the cursed +0 plate armour of Zezefas {rF- Regen+ Int+7 Slay+2} (You bought it in a shop on level 7 of the Dungeon)
 23299 | Orc:1    | XOM: noise
 23299 | Orc:1    | Entered Level 1 of the Orcish Mines
 23308 | Orc:1    | Identified 3 scrolls of acquirement
 23326 | Orc:1    | Got a faintly glowing large shield
 23337 | Orc:1    | Identified the +5 large shield of Pride {rPois MR+ Str+2 Int-4} (You acquired it on level 1 of the Orcish Mines)
 23383 | Orc:1    | Found Reriofap's Magic Scroll Shoppe.
 23401 | Orc:1    | XOM: give mutation
 23401 | Orc:1    | Gained mutation: You are robust (+10% HP). [Xom's grace]
 23514 | Orc:1    | XOM: harmless Erth miscast
 23655 | Orc:1    | Found a roughly hewn altar of Beogh.
 23929 | Orc:1    | XOM: give mutations
 23929 | Orc:1    | Lost mutation: You are very dopey. (Int -4) [Xom's mischief]
 23929 | Orc:1    | Lost mutation: Your spells are a little harder to cast, but a little more powerful. [Xom's mischief]
 23929 | Orc:1    | Lost mutation: You are robust (+10% HP). [Xom's mischief]
 23929 | Orc:1    | Lost mutation: You have supernaturally acute eyesight. [Xom's mischief]
 23929 | Orc:1    | Gained mutation: Scrolls take you a little longer to read. [Xom's mischief]
 24021 | Orc:1    | XOM: god gift: runed bardiche {god gift}
 24084 | Orc:2    | Found a radiant altar of Vehumet.
 24265 | Orc:2    | XOM: colour smoke trail
 24518 | Orc:2    | XOM: silly message
 24607 | Orc:3    | Found a staircase to the Elven Halls.
 24621 | Orc:3    | Noticed P0WERM0DE's ghost (journeyman DsCK)
 24625 | Orc:3    | XOM: confuse monster(s)
 24631 | Orc:3    | XOM: noise
 24636 | Orc:3    | Killed P0WERM0DE's ghost
 24907 | Orc:3    | Found Najaaboi's Needful Niceties.
 24938 | Orc:3    | XOM: give mutations
 24938 | Orc:3    | Gained mutation: Scrolls take you longer to read. [Xom's mischief]
 24938 | Orc:3    | Gained mutation: You are somewhat resistant to further mutation. [Xom's mischief]
 25135 | Orc:3    | XOM: harmless Hex miscast
 25314 | Orc:4    | Entered Level 4 of the Orcish Mines
 25348 | Orc:4    | Noticed AnCiEnTIStOnEIBeAsT's ghost (journeyman OpTm)
 25364 | Orc:4    | Killed AnCiEnTIStOnEIBeAsT's ghost
 25772 | Orc:4    | XOM: enchant monster (good)
 26221 | Orc:4    | XOM: potion effect (curing)
 26231 | Orc:4    | XOM: divine lightning (protected)
 26302 | Orc:4    | XOM: summons friendly ufetubus
 26372 | Orc:4    | XOM: divination: detect creatures
 26394 | Orc:4    | XOM: enchant monster (good)
 26442 | Orc:4    | Found Pogeghak's General Store.
 26443 | Orc:4    | Found Movehore's Jewellery Emporium.
 26444 | Orc:4    | Found Ajuwkubb's Book Shoppe.
 26445 | Orc:4    | Found Lyakiq's Gadget Shoppe.
 26456 | Orc:4    | Bought a +5 ring of protection for 715 gold pieces
 26502 | Orc:4    | XOM: colour smoke trail
 26591 | Elf:1    | Entered Level 1 of the Elven Halls
 26618 | Elf:1    | XOM: mild Erth miscast
 26764 | Elf:1    | XOM: mild Erth miscast
 26766 | Elf:1    | XOM: polymorph deep elf knight -> deep troll
 26784 | Elf:1    | XOM: cast spell 'Ice Form'
 26789 | Elf:1    | XOM: divination: detect items
 26791 | Elf:1    | XOM: cast spell 'Death Channel'
 26796 | Elf:1    | Gained mutation: Your magical and physical power is slightly enhanced at high health. [demonic ancestry]
 26796 | Elf:1    | Reached XP level 15. HP: 79/120 MP: 6/15
 26937 | Elf:1    | Identified a +0 rod of ignition (13/13) (You found it on level 1 of the Elven Halls)
 27149 | Elf:1    | Cast into level 2 of the Abyss (a wizard)
 27149 | Abyss:2  | Found a corrupted altar of Lugonu.
 27286 | Abyss:3  | XOM: severe Fire miscast
 27287 | Abyss:3  | Gained mutation: Your magical capacity is low (-10% MP). [a neqoxec]
 27297 | Abyss:3  | XOM: confuse monster(s)
 27304 | Abyss:3  | XOM: confuse monster(s)
 27306 | Abyss:3  | XOM: enchant monster (good)
 27373 | Abyss:3  | Noticed a bone dragon
 27375 | Abyss:3  | XOM: destruction
 27518 | Abyss:3  | Noticed a bone dragon
 27519 | Abyss:3  | XOM: confuse monster(s)
 27542 | Abyss:3  | Killed a bone dragon
 27565 | Abyss:3  | XOM: summons 2 friendly demons
 27581 | Abyss:3  | Noticed a bone dragon
 27585 | Abyss:3  | Noticed a bone dragon
 27586 | Abyss:3  | XOM: summons friendly crimson imp
 27590 | Abyss:3  | XOM: swap monsters
 27600 | Abyss:3  | Noticed a tentacled starspawn
 27600 | Abyss:3  | XOM: fog
 27662 | Abyss:3  | XOM: enchant monster (good)
 27675 | Abyss:3  | XOM: swap monsters
 27798 | Abyss:3  | Noticed a tentacled starspawn
 27799 | Abyss:3  | XOM: polymorph white imp -> iron imp
 27804 | Abyss:3  | Killed a tentacled starspawn
 27810 | Abyss:3  | Noticed a tentacled starspawn
 27816 | Abyss:3  | XOM: swap monsters
 27827 | Abyss:3  | XOM: destruction
 27832 | Abyss:3  | Killed a tentacled starspawn
 27866 | Abyss:3  | XOM: harmless Hex miscast
 27933 | Abyss:3  | XOM: give mutations
 27933 | Abyss:3  | Lost mutation: Your system is resistant to poisons. [Xom's mischief]
 27933 | Abyss:3  | Gained mutation: You are frail (-10% HP). [Xom's mischief]
 27947 | Abyss:3  | XOM: cast spell 'Call Canine Familiar'
 27953 | Abyss:3  | XOM: summons friendly quasit
 27958 | Abyss:3  | XOM: confuse monster(s)
 27960 | Abyss:3  | XOM: divination: magic mapping
 28044 | Abyss:3  | Noticed a tentacled starspawn
 28051 | Abyss:3  | XOM: harmless Conj miscast
 28057 | Abyss:3  | Noticed a tentacled starspawn
 28067 | Abyss:3  | XOM: cast spell 'Leda's Liquefaction'
 28089 | Abyss:3  | Noticed a lich
 28107 | Abyss:3  | XOM: potion effect (brilliance)
 28166 | Abyss:4  | Found a corrupted altar of Lugonu.
 28215 | Abyss:4  | XOM: polymorph crimson imp -> quasit
 28221 | Abyss:4  | XOM: enchant monster (good)
 28246 | Abyss:4  | XOM: give mutations
 28246 | Abyss:4  | Lost mutation: Scrolls take you longer to read. [Xom's mischief]
 28246 | Abyss:4  | Gained mutation: You are very frail (-20% HP). [Xom's mischief]
 28246 | Abyss:4  | Gained mutation: You are weak. (Str -2) [Xom's mischief]
 28246 | Abyss:4  | Lost mutation: Your magical capacity is low (-10% MP). [Xom's mischief]
 28307 | Abyss:4  | Found a corrupted altar of Lugonu.
 28387 | Abyss:4  | XOM: potion effect (curing)
 28390 | Abyss:4  | Noticed a tentacled starspawn
 28393 | Abyss:4  | XOM: confuse monster(s)
 28405 | Abyss:4  | XOM: cast spell 'Conjure Ball Lightning'
 28464 | Abyss:4  | XOM: divine lightning (protected)
 28469 | Abyss:4  | XOM: confuse monster(s)
 28547 | Abyss:4  | Found a shimmering altar of Xom.
 28571 | Abyss:4  | Reached skill level 10 in Armour
 28593 | Abyss:4  | Found a shimmering altar of Xom.
 28612 | Abyss:4  | XOM: destruction
 28661 | Abyss:4  | XOM: summons 10 friendly demons
 28711 | Abyss:4  | XOM: vitrification
 28766 | Abyss:4  | XOM: enchant monster (good)
 28768 | Abyss:4  | Gained mutation: You are completely attuned to the shadows. [demonic ancestry]
 28768 | Abyss:4  | Reached XP level 16. HP: 36/101 MP: 4/16
 28787 | Abyss:4  | XOM: summons 7 friendly demons
 28899 | Abyss:4  | XOM: polymorph raiju -> spiny frog
 28902 | Abyss:4  | XOM: confuse monster(s)
 28904 | Abyss:4  | XOM: silly message
 29064 | Abyss:4  | XOM: mild Necr miscast
 29144 | Abyss:4  | XOM: blink monster(s)
 29155 | Abyss:4  | Noticed a tentacled starspawn
 29157 | Abyss:4  | XOM: noise
 29165 | Abyss:4  | Killed a tentacled starspawn
 29166 | Abyss:4  | Noticed a tentacled starspawn
 29183 | Abyss:4  | XOM: summons friendly white imp
 29190 | Abyss:4  | Killed a tentacled starspawn
 29202 | Abyss:4  | XOM: mild Trmt miscast
 29324 | Abyss:4  | XOM: blink monster(s)
 29328 | Abyss:4  | HP: 2/101 [raiju/living lightning (11)]
 29330 | Abyss:4  | Killed from afar by a starcursed mass

Vault maps used:
D:1:      dpeg_arrival_castle
D:2:      kennysheep_minor_cross, uniq_sigmund
D:3:      lemuel_doored_altar, lemuel_crystal_altar, uniq_iyjb
D:4:      st_stairs_11
D:5:      nemelex_altar_shiori, kennysheep_little_box, minmay_temple_entry_grid,
          first_bread
D:6:      led_sif_book, nicolae_ru_the_path_less_chosen
D:7:      marbit_many_paths, grunt_dithmenos_smoke_and_mirrors, serial_shops,
          shop, grunt_ministairs_3
D:8:      lemuel_slime, serial_shops, shop
D:9:      trog_ov_bears_minmay, lemuel_round_altar,
          hangedman_little_slice_of_home, uniq_psyche
D:10:     david_lair_generic, david_orc_5, enter_bailey_2,
          kennysheep_island_fort
D:11:     serial_shops, shop_fountains, shop, nicolae_shop_crystal,
          fedhas_altar_3
Lair:1:   minivault_23, serial_bayou_shore_a
Lair:2:   serial_bayou_crossing
Lair:3:   portal_ice_cave_entry_ice_beasts, zaba_antful_of_joy,
          infiniplex_staircase_pool_2, lemuel_fruit_tree
Lair:4:   minmay_swamp_entry_worms
Lair:5:   hangedman_lair_unloving_vines
Lair:6:   spider_nest_entry_rubble, nicolae_volcano_entry_two_sided
Lair:7:   slime_altar_1, serial_bayou_shore_b
Lair:8:   evilmike_catoblepas_cave
Orc:1:    serial_shops, shop, basic_altar, nicolae_orc_stony_grotto
Orc:2:    basic_altar, lemuel_statue_altar
Orc:3:    nicolae_orc_accident_1, nicolae_orc_pool_cavern,
          nicolae_alphabet_shops
Orc:4:    st_orc_pillars
Elf:1:    elf_arrival_001, serial_shops, nicolae_shop_window_shopping,
          hangedman_elf_disciples, basic_loot_grate_trap
Abyss:2:  hangedman_abyss_river_spirits
Bailey:   bailey_axe_bossmonster_kennysheep, bailey
IceCv:    ice_cave_statue_garden_02
Volcano:  volcano_bunker

Action                   |  1- 3 |  4- 6 |  7- 9 | 10-12 | 13-15 | 16-18 || total
-------------------------+-------+-------+-------+-------+-------+-------++-------
Melee: Spear             |    79 |   294 |   203 |       |       |       ||   576
       Unarmed           |       |    10 |       |       |     6 |       ||    16
       War axe           |       |       |   237 |   431 |  1343 |   116 ||  2127
Throw: Tomahawk          |       |       |     3 |       |     3 |       ||     6
Evoke: Wand              |       |       |       |     4 |     9 |     3 ||    16
  Use: Scroll            |     5 |     4 |     8 |    10 |    19 |       ||    46
       Potion            |     5 |     2 |     2 |     3 |    14 |     7 ||    33
 Stab: Paralysed         |     1 |     2 |     1 |       |     4 |       ||     8
       Confused          |       |     3 |     1 |       |    14 |       ||    18
       Petrified         |       |     5 |     1 |       |     2 |       ||     8
       Sleeping          |       |     4 |     5 |     7 |    19 |       ||    35
       Distracted        |       |       |       |     2 |    18 |     5 ||    25
       Invisible         |       |       |       |       |     5 |       ||     5
  Eat: Chunk             |       |     6 |    10 |    13 |    18 |       ||    47
       Bread ration      |       |     1 |     1 |       |       |       ||     2
       Beef jerky        |       |       |       |     3 |     2 |       ||     5
       Pizza             |       |       |       |     1 |     1 |       ||     2
       Meat ration       |       |       |       |     1 |     1 |     1 ||     3
       Fruit             |       |       |       |       |    11 |       ||    11
       Royal jelly       |       |       |       |       |     3 |       ||     3
